 Dungeon Sprint DCSS version 0.19.0-18-g426998a (webtiles) character file.

158 equalderp2856 the Gouger (level 5, -21/27 HPs)
             Began as a Felid Fighter on Nov 11, 2016.
             Demolished by a stone giant (43 damage)
             ... in the Dungeon (Sprint IX: "|||||||||||||||||||||||||||||").
             The game lasted 00:00:56 (407 turns).

equalderp2856 the Gouger (Felid Fighter)             Turns: 407, Time: 00:00:57

Health: -21/27     AC:  1    Str: 13    XL:     5   Next: 16%
Magic:  6/6        EV: 25    Int: 12    God:
Gold:   0          SH:  0    Dex: 19    Spells: 0 memorised, 4 levels left
                                        Lives:  0   Deaths: 1

rFire  . . .     SeeInvis +       - Unarmed
rCold  . . .     Gourm    .     (armour unavailable)
rNeg   . . .     Faith    .     (shield unavailable)
rPois  .         Spirit   .     (helmet unavailable)
rElec  .         Reflect  .     (cloak unavailable)
rCorr  .         Harm     .     (gloves unavailable)
MR     .....     NoTele   +     (boots unavailable)
Stlth  ++........               (no amulet)
                                n - +3 ring of dexterity
                                m - +3 ring of intelligence

@: quick
A: no armour, no weapons or thrown items, stealth, claws 1, fangs 3, see
invisible, carnivore 3, speed 1, shaggy fur 1, slow metabolism 1, sharp paws
a: no special abilities


You were in the Dungeon.
You were not hungry.

You visited 1 branch

Inventory:

Jewellery
 m - a +3 ring of intelligence (left paw)
 n - a +3 ring of dexterity (right paw)
Wands
 l - a wand of acid (7/15)
Scrolls
 h - 2 scrolls of blinking
 j - 3 scrolls of remove curse
 k - 2 scrolls of amnesia
Potions
 a - a potion of might
 c - 5 potions of curing
 d - 3 potions of heal wounds
 e - a potion of haste
 f - 4 potions of magic
 g - a potion of berserk rage
 i - a potion of invisibility
Comestibles
 b - a meat ration


   Skills:
 + Level 5.6 Fighting
 + Level 8.1 Dodging
 + Level 0.8 Stealth
 + Level 10.2 Unarmed Combat


You had 4 spell levels left.
You didn't know any spells.

Dungeon Overview and Level Annotations

Branches:
Dungeon (1/1)

Altars:
Cheibriados
Dithmenos
Elyvilon
Fedhas
Gozag
Hepliaklqana
Kikubaaqudgha
Makhleb
Nemelex Xobeh
Okawaru
Qazlal
Ru
Sif Muna
Trog
Uskayaw
Vehumet
Xom
Yredelemnul
Zin
The Shining One
Beogh
Jiyva
Lugonu


Innate Abilities, Weirdness & Mutations

You cannot wear armour.
You are incapable of wielding weapons or throwing items.
Your paws allow you to move quietly. (Stealth)
You have sharp claws.
You have razor-sharp teeth.
You have supernaturally acute eyesight. (SInv)
You are carnivorous and can eat meat at any time.
You cover ground quickly.
You are covered in fur. (AC +1)
You have a slow metabolism.
Your sharp claws are effective at attacking unaware monsters.


Message History

The orc priest calls down the wrath of Beogh upon you.
Pain shoots through your body!
You barely miss the orc priest.
You bite the orc priest, but do no damage.
The orc priest is moderately wounded.
The orc wizard mumbles some strange words.
The orc wizard flickers and vanishes for a moment.
An orc priest comes into view. It is wielding a hand axe.
The orc priest shouts!
You scratch the stone giant.
The stone giant is lightly wounded.
You scratch the stone giant but do no damage.
The stone giant is lightly wounded.
The stone giant barely misses you.
You claw the stone giant!
The stone giant is lightly wounded.
The orc wizard miscasts a cantrip.
The stone giant hits you!!!
Ouch! That really hurt!
You die...

__T___________'.....)....÷T†..<▓
▓▓▓▓▓▓▓▓▓▓▓▓▓▓▓▓▓▓▓▓▓▓▓▓▓▓▓▓▓▓▓▓
▓▓▓▓▓▓▓▓▓▓▓▓▓▓▓▓
...............▓
▓▓▓▓▓▓▓▓▓▓▓▓▓▓▓▓▓▓▓▓▓.▓
ooooooC@'.............▓
▓▓▓▓▓▓▓▓▓▓▓▓▓▓▓▓▓▓▓▓▓▓▓


You could see a stone giant, 2 orc priests, 2 orc wizards and 2 orcs.

Vanquished Creatures
  An orc warrior (D)
  An ogre (D)
  A howler monkey (D)
  3 orcs (D)
  2 giant cockroaches (D)
  A jackal (D)
  A quokka (D)
  2 frilled lizards (D)
  2 rats (D)
14 creatures vanquished.

Notes
Turn   | Place    | Note
-------+----------+-------------------------------------------
     0 | D        | equalderp2856 the Felid Fighter began the quest for the Orb.
     0 | D        | Reached XP level 1. HP: 10/10 MP: 2/2
    97 | D        | Noticed an ogre
    99 | D        | Reached skill level 5 in Unarmed Combat
   105 | D        | Killed an ogre
   105 | D        | Reached skill level 7 in Unarmed Combat
   105 | D        | Reached XP level 2. HP: 13/15 MP: 3/3
   105 | D        | Reached XP level 3. HP: 16/18 MP: 4/4
   105 | D        | Reached XP level 4. HP: 19/22 MP: 5/5
   107 | D        | Reached skill level 8 in Unarmed Combat
   137 | D        | Found a roughly hewn altar of Beogh.
   137 | D        | Found a snail-covered altar of Cheibriados.
   137 | D        | Found a shadowy altar of Dithmenos.
   137 | D        | Found a white marble altar of Elyvilon.
   137 | D        | Found a blossoming altar of Fedhas.
   137 | D        | Found an opulent altar of Gozag.
   138 | D        | Found a hazy altar of Hepliaklqana.
   139 | D        | Found a viscous altar of Jiyva.
   140 | D        | Found an ancient bone altar of Kikubaaqudgha.
   141 | D        | Found a corrupted altar of Lugonu.
   142 | D        | Found a burning altar of Makhleb.
   143 | D        | Found a sparkling altar of Nemelex Xobeh.
   144 | D        | Found an iron altar of Okawaru.
   145 | D        | Found a stormy altar of Qazlal.
   146 | D        | Found a sacrificial altar of Ru.
   147 | D        | Found a deep blue altar of Sif Muna.
   148 | D        | Found a bloodstained altar of Trog.
   149 | D        | Found a hide-covered altar of Uskayaw.
   150 | D        | Found a radiant altar of Vehumet.
   151 | D        | Found a shimmering altar of Xom.
   152 | D        | Found a basalt altar of Yredelemnul.
   153 | D        | Found a glowing silver altar of Zin.
   154 | D        | Found a glowing golden altar of the Shining One.
   181 | D        | Noticed an ice beast
   181 | D        | Noticed an ogre
   181 | D        | Noticed a troll
   185 | D        | Reached skill level 5 in Fighting
   370 | D        | Mangled by a troll
   371 | D        | Reached XP level 3. HP: -7/19 MP: 4/4
   394 | D        | Noticed a stone giant
   394 | D        | Noticed an orc warrior
   396 | D        | Killed an orc warrior
   396 | D        | Reached skill level 10 in Unarmed Combat
   396 | D        | Reached XP level 4. HP: 24/24 MP: 5/5
   396 | D        | Reached XP level 5. HP: 27/27 MP: 6/6
   407 | D        | Demolished by a stone giant

Skill      XL: |  1  2  3  4 |
---------------+-------------+-----
Unarmed Combat | 7 10 8 | 10.2
Fighting       | 4 5 |  5.6
Dodging        | 6 8 7 |  8.1
Stealth        | |  0.8

Action                   |  1- 3 |  4- 6 || total
-------------------------+-------+-------++-------
Melee: Unarmed           |    24 |    24 ||    48
       Bite              |     4 |     6 ||    10
       Punch             |     1 |       ||     1
 Stab: Sleeping          |     1 |       ||     1
Armor: Skin              |       |     1 ||     1
Dodge: Dodged            |    13 |    18 ||    31
